 Dungeon Crawl Stone Soup version 0.24.0-13-gcf9b3192b9 (webtiles) character file.

Game seed: 1464581067982844158, levelgen mode: deterministic

65 Descartes the Magician (level 3, 0/28 HPs)
             Began as a Deep Elf Air Elementalist on Nov 8, 2019.
             Succumbed to an adder's poison
             ... on level 2 of the Dungeon.
             The game lasted 00:03:17 (1005 turns).

Descartes the Magician (Deep Elf Air Elementalist)  Turns: 1005, Time: 00:03:18

Health: 0/28       AC:  3    Str: 14    XL:     3   Next: 92%
Magic:  1/10       EV: 13    Int: 20    God:
Gold:   24         SH:  0    Dex: 15    Spells: 8/9 levels left

rFire    . . .     SeeInvis .   i - +0 dagger
rCold    . . .     Gourm    .   (no shield)
rNeg     . . .     Faith    .   a - +0 robe
rPois    .         Spirit   .   (helmet restricted)
rElec    .         Reflect  .   (no cloak)
rCorr    .         Harm     .   (no gloves)
MR       .....                  o - +0 pair of boots
Stlth    ..........             (no amulet)
HPRegen  0.09/turn              l - +4 ring of strength
MPRegen  0.12/turn              (no ring)

@: berserking, lethally poisoned (0 -> -8), very quick
A: antennae 1, MP-powered wands
a: no special abilities


You were on level 2 of the Dungeon.
You were not hungry.

You visited 1 branch of the dungeon, and saw 2 of its levels.

You collected 24 gold pieces.

Inventory:

Hand Weapons
 i - a +0 dagger (weapon)
Missiles
 b - 63 stones
 d - 29 poisoned darts
 e - 3 large rocks
 g - 10 bolts
 j - a throwing net
 n - 4 boomerangs (quivered)
Armour
 a - a +0 robe (worn)
 o - a +0 pair of boots (worn)
Jewellery
 l - a +4 ring of strength (left hand)
Scrolls
 m - a scroll of enchant weapon {unknown}
 p - a scroll of amnesia {unknown}
Potions
 k - a potion of flight {unknown}
Comestibles
 c - 2 rations


   Skills:
 + Level 3.2 Dodging
 + Level 3.2 Stealth
 + Level 3.7 Spellcasting
 + Level 2.0 Conjurations
 + Level 3.4 Air Magic


You had 8 spell levels left.
You knew the following spells:

 Your Spells              Type           Power        Failure   Level  Hunger
a - Shock                 Conj/Air       ##..         4%          1    None

Your spell library contained the following spells:

 Spells                   Type           Power        Failure   Level  Hunger
 Swiftness                Chrm/Air       ##......     10%         2    ##.....
 Static Discharge         Conj/Air       ##......     13%         3    ###....
 Airstrike                Air            ###.......   32%         4    ####...
 Lightning Bolt           Conj/Air       ##........   75%         5    ######.


Dungeon Overview and Level Annotations

Branches:
Dungeon (2/15)

Altars:


Innate Abilities, Weirdness & Mutations

You have a pair of small antennae on your head.
You expend magic power (3 MP) to strengthen your wands.


Message History

* * * LOW HITPOINT WARNING * * *
You are more poisoned.
The adder poisons you! The adder closely misses you.
It was a potion of mutation.
You feel extremely strange.
Rugged brown scales grow over part of your body.
A pair of antennae grows on your head!
Your rugged brown scales disappear.
You feel your magical essence link to the dungeon's wands.
The adder closely misses you.
It was a potion of berserk rage.
A red film seems to cover your vision as you go berserk!
You feel yourself moving faster!
You feel mighty!
* * * LOW HITPOINT WARNING * * *
You feel sick. The adder bites you.
* * * LOW HITPOINT WARNING * * *
You closely miss the adder.
The adder is lightly wounded.
The adder closely misses you.
You closely miss the adder.
The adder is lightly wounded.
You die...

#############
#...........#
#..%.....#
#......@##
.......S#
........#
#........
#........
..........
.#####..##
##.#


You could see an adder.

Vanquished Creatures
  A hound (D:2)
  2 oozes (D:1)
  A dart slug (D:1)
  A leopard gecko (D:1)
  4 goblins (D:1)
  6 hobgoblins (D:1)
  4 bats (D:1)
  2 kobolds (D:1)
  4 rats (D:1)
25 creatures vanquished.

Notes
Turn   | Place    | Note
-------+----------+-------------------------------------------
     0 | D:1      | Descartes the Deep Elf Air Elementalist began the quest for
                  | the Orb.
     0 | D:1      | Reached XP level 1. HP: 10/10 MP: 6/6
    34 | D:1      | Reached XP level 2. HP: 15/15 MP: 5/8
   525 | D:1      | Reached XP level 3. HP: 19/19 MP: 5/9
  1002 | D:2      | Gained mutation: You are partially covered in rugged brown
                  | scales. (AC +1, +3% HP) [potion of mutation]
  1002 | D:2      | Gained mutation: You have a pair of small antennae on your
                  | head. [potion of mutation]
  1002 | D:2      | Lost mutation: You are partially covered in rugged brown
                  | scales. (AC +1, +3% HP) [potion of mutation]
  1002 | D:2      | Gained mutation: You expend magic power (3 MP) to
                  | strengthen your wands. [potion of mutation]
  1003 | D:2      | HP: 1/28 [adder (4)]
  1005 | D:2      | Succumbed to an adder's poison

Levels and vault maps discovered:
D:1:      onia_arrival_handbag, layout_basic
D:2:      minmay_spotlight, layout_rooms, grunt_dithmenos_smoke_and_mirrors

Skill      XL: |  1  2  3 |
---------------+----------+-----
Stealth        | 3 |  3.2
Dodging        | 3 |  3.2
Conjurations   | 2 |  2.0
Spellcasting   | |  3.7
Air Magic      | |  3.4

Action                   || total
-------------------------++-------
Melee: Dagger            ||     9
 Cast: Shock             ||    59
  Use: Potion            ||     2
Armor: Robe              ||     3
Dodge: Dodged            ||    17
